 Dungeon Crawl Stone Soup version 0.28-a0-1555-g9ae15a6949 (webtiles) character file.

Game seed: 12890023382729030806

14 bande the Skirmisher (level 2, -1/19 HPs)
             Began as a Gargoyle Fighter on Jan 19, 2022.
             Frozen to death by an endoplasm (5 damage)
             ... on level 1 of the Dungeon.
             The game lasted 00:00:46 (310 turns).

bande the Skirmisher (Gargoyle Fighter)              Turns: 310, Time: 00:00:48

Health: -1/19      AC: 10    Str: 19    XL:     2   Next: 45%
Magic:  2/2        EV:  9    Int:  8    God:
Gold:   0          SH:  4    Dex:  9    Spells: 1/1 levels left

rFire   . . .      SeeInvis .   a - +0 war axe
rCold   . . .      Faith    .   c - +0 buckler
rNeg    + . .      Spirit   .   b - +0 scale mail
rPois   ∞          Reflect  .   h - +0 helmet
rElec   +          Harm     .   (no cloak)
rCorr   .          Rampage  .   (no gloves)
Will    .....                   (no boots)
Stlth   ..........              (no amulet)
HPRegen 0.06/turn               (no ring)
MPRegen 0.08/turn               (no ring)

@: no status effects
A: sickness immunity, AC +2, negative energy resistance 1, electricity
resistance, torment resistance 1, petrification resistance
a: no special abilities


You were on level 1 of the Dungeon.
You visited 1 branch of the dungeon, and saw 1 of its levels.

Inventory:

Hand Weapons
 a - a +0 war axe (weapon)
Missiles
 g - a throwing net (quivered)
Armour
 b - a +0 scale mail (worn)
 c - a +0 buckler (worn)
 h - a +0 helmet (worn)
Scrolls
 f - a scroll of holy word {unknown}
Potions
 d - a potion of might
 e - a potion of degeneration {unknown}


   Skills:
 + Level 3.5 Fighting
 + Level 1.9(2.0) Axes
 * Level 0.5(1.4) Maces & Flails
 * Level 0.2(1.2) Polearms
 + Level 3.5 Armour
 + Level 3.4 Shields


You had one spell level left.
You didn't know any spells.
Your spell library was empty.

Dungeon Overview and Level Annotations

Branches:
Dungeon (1/15)

Altars:


Innate Abilities, Weirdness & Mutations

You are immune to sickness and miasma.
Your stone body is resilient. (AC +2)
You are immune to poison.
You resist negative energy. (rN+)
You are resistant to electric shocks. (rElec)
You are resistant to unholy torment.
You are immune to petrification.


Message History

Found a leather armour.
The endoplasm quivers.
An endoplasm is nearby!
A rat and a bat come into view.
You closely miss the bat. The bat hits you but does no damage. x2
You closely miss the bat. You block the bat's attack.
The bat hits you but does no damage. The endoplasm freezes you.
You are frozen.
You closely miss the bat. You hit the endoplasm. You closely miss the rat.
The bat barely misses you. The rat bites you.
The bat hits you but does no damage. The endoplasm freezes you.
You are frozen.
You are too injured to fight recklessly!
You are too injured to fight recklessly!
You are too injured to fight recklessly!
You are too injured to fight recklessly!
You are too injured to fight recklessly!
You are too injured to fight recklessly!
You are too injured to fight recklessly!
You are too injured to fight recklessly!
You are too injured to fight recklessly!
Unknown command.
Unknown command.
You barely miss the endoplasm.
The endoplasm is severely wounded.
You closely miss the rat. You barely miss the bat. You block the bat's attack.
The bat barely misses you. The rat closely misses you.
You block the endoplasm's attack. The rat closely misses you.
The endoplasm freezes you.
You are frozen.
* * * LOW HITPOINT WARNING * * *
You barely miss the endoplasm.
The endoplasm is severely wounded.
You barely miss the rat. The bat hits you but does no damage.
You block the rat's attack. The endoplasm freezes you.
You are frozen.
You die...

#... .. #...#. #. +.....
[ ##..... .# .. .....##.
#.. #..... ...#
#..rJ##..##+..
#.@b.........
#########...........# ..
#...................#
...
#...................#
....
#...................##..
#.....###..............
#.....##.###.###.###.##
#.....#...............#
#...)...##.###.###.##..#


You could see an endoplasm, a bat and a rat.

Vanquished Creatures
  3 bats (D:1)
  A giant cockroach (D:1)
  2 goblins (D:1)
  3 kobolds (D:1)
  2 frilled lizards (D:1)
  3 rats (D:1)
14 creatures vanquished.

Notes
Turn   | Place    | Note
-------+----------+-------------------------------------------
     0 | D:1      | bande the Gargoyle Fighter began the quest for the Orb.
     0 | D:1      | Reached XP level 1. HP: 14/14 MP: 1/1
   113 | D:1      | Reached XP level 2. HP: 19/19 MP: 2/2
   310 | D:1      | Frozen to death by an endoplasm

Illustrated notes

Levels and vault maps discovered:
D:1:      minmay_arrival_cross, layout_basic, st_stairs_7, minivault_19,
          kennysheep_small_spiral, nicolae_concentric_dashed_squares_mild,
          minmay_tall_x

Action                   || total
-------------------------++-------
Melee: War axe           ||    41
Armor: Scale mail        ||    22
Dodge: Dodged            ||    21
Block: Buckler           ||    10

Table legend: (Time is in decaauts)
 A = Elapsed time spent in this place.
 B = Non-inter-level travel time spent in this place.
 C = Inter-level travel time spent in this place.
 D = Time resting spent in this place.
 E = Time spent auto-exploring this place.
 F = Levels seen in this place.
 G = Mean time per level.
                   A        B        C        D        E       F      G
               +--------+--------+--------+--------+--------+-----+--------+
         Total |    327 |    327 |      0 |      0 |    222 |   1 |  327.0 |
       Dungeon |    327 |    327 |      0 |      0 |    222 |   1 |  327.0 |
               +--------+--------+--------+--------+--------+-----+--------+

Top non-repeatable levels by time:
     D:1: 327 daAuts
